Map: Ruins of Seras

Players

Miltreta

  • Race: Terran Terran
  • League: Bronze

Machiavelli - Winner!

  • Race: Terran Terran
  • League: Bronze

VOD

Have the link to the VOD?

Description

Time

  • Played on: March 16, 2016, 12:10 p.m.
  • Length: 68:48
Show
View Real Time Build Order
Export as new Build Order

Miltreta Terran 

Build Orders: MMM Bio 

Get SALT Encoding   

  12  0:01  SCV  
  13  0:13  SCV  
  14  0:19  Supply Depot  
  14  0:25  SCV  
  15  0:31  Refinery  
  15  0:45  Barracks  
  15  0:46  SCV  
  16  0:58  SCV  
  16  1:02  Supply Depot  
  17  1:12  SCV  
  18  1:27  SCV  
  19  1:49  Barracks  
  19  1:52  Marine  
  20  1:57  Factory  
  20  2:02  Orbital Command  
  20  2:11  Marine  
  21  2:22  Refinery  
  22  2:30  SCV  
  22  2:39  Barracks Tech Lab  
  22  2:49  Barracks Reactor  
  22  2:55  Factory Tech Lab  
  22  2:57  SCV  
  23  3:08  Starport  
  23  3:12  Barracks  
  23  3:13  Barracks  
  23  3:16  Engineering Bay  
  23  3:25  Marine x2  
  25  3:32  Supply Depot  
  25  3:37  Supply Depot  
  25  3:45  Marine x2  
  27  4:08  Stimpack  
  27  4:11  Siege Tank  
  27  4:13  Starport Reactor  
  30  4:17  Barracks Tech Lab  
  30  4:18  Barracks Reactor  
  30  4:29  SCV  
  31  4:42  Marine x2  
  33  4:47  Siege Tank  
  33  4:49  Marine x2  
  38  4:59  Combat Shields  
  38  5:13  Medivac  
  40  5:25  Command Center  
  40  5:30  Missile Turret  
  40  5:35  Marine  
  40  5:37  Marine, Liberator  
  42  5:53  Marine  
  46  6:21  Command Center  
  46  6:36  Marine x2  
  48  7:24  Marine x2  
  48  7:25  Marine x2  
  48  7:27  Marine  
  48  7:28  Marine  
  48  7:29  Siege Tank  
  57  7:31  Medivac  
  57  7:32  Medivac  
  57  7:35  Orbital Command  
  61  7:38  SCV  
  62  7:50  SCV  
  63  7:57  Liberator  
  63  7:58  Liberator  
  63  8:16  Marine x3  
  63  8:17  Marine  
  63  8:18  Marine  
  63  8:19  Marine  
  75  8:33  Supply Depot  
  75  8:35  Supply Depot  
  75  8:55  Siege Tank  
  78  9:29  Marine x2  
  78  9:30  Marine  
  79  9:45  Marine  
  70  9:46  Marine  
  66  10:07  Marine x3  
  66  10:08  Marine  
  70  10:26  Siege Tank  
  73  10:35  Factory  
  73  10:36  SCV x2  
  73  10:38  Factory  
  75  10:52  Command Center  
  67  11:24  Marine x5  
  72  11:25  Marine  
  72  11:28  Siege Tank  
  72  11:31  Factory Tech Lab  
  58  12:02  Marine x5  
  58  12:04  Siege Tank  
  58  12:05  Siege Tank  
  68  12:18  Medivac x2  
  72  12:26  Factory Tech Lab  
  71  12:52  Marine x5  
  70  13:16  Barracks x2  
  70  13:17  Barracks  
  64  13:30  Marine x3  
  64  13:32  Marine x2  
  64  13:33  Marine  
  70  13:37  Siege Tank x2  
  76  13:43  Armory  
  76  13:48  Refinery, Marine x2  
  78  13:49  Refinery, Marine  
  78  13:50  Siege Tank  
  78  13:52  Medivac x2  
  84  14:09  Siege Tank  
  82  14:18  Barracks Reactor x2  
  82  14:27  Barracks Reactor  
  82  14:35  Starport  
  82  14:37  Refinery  
  82  14:44  Orbital Command  
  82  15:13  Refinery, Marine x3  
  85  15:16  Marine x2  
  85  15:17  Marine  
  88  15:25  Supply Depot x2  
  88  15:27  Supply Depot  
  88  16:06  Cyclone x2  
  88  16:07  Cyclone  
  88  16:09  Medivac  
  88  16:10  Medivac  
  101  16:11  Starport Reactor  
  101  16:14  Marine x5  
  101  16:15  Marine  
  107  16:54  Marine x4  
  107  16:56  Medivac  
  107  16:57  Medivac  
  107  16:58  Medivac x2  
  119  17:15  Marine x4  
  120  17:16  Marine x2  
  120  17:17  Marine x2  
  120  17:18  Marine x2  
  120  17:19  Marine  
  120  17:20  Marine  
  127  17:32  Thor  
  100  18:24  Marine x6  
  94  19:02  Marine x5  
  97  19:03  Marine x2  
  97  19:11  Marine  
  97  19:12  Marine  
  97  19:13  Marine  
  71  19:48  Marine x6  
  71  19:50  Thor x2  
  71  19:51  Thor  
  95  19:53  Liberator  
  95  20:04  Marine  
  95  20:05  Marine x2  
  98  20:07  Medivac  
  98  20:08  Medivac  
  104  20:32  Marine x4  
  104  20:33  Marine  
  109  21:22  Terran Vehicle Weapons Level 1  
  109  21:25  Terran Infantry Weapons Level 1  
  109  21:28  Armory  
  109  21:35  Engineering Bay  
  91  22:04  Thor  
  91  22:05  Thor  
  103  22:27  Command Center  
  103  22:51  Thor  
  103  22:52  Thor  
  103  22:55  Marine x2, Refinery  
  117  23:16  Terran Vehicle And Ship Armor Level 1  
  117  23:20  Terran Infantry Armor Level 1  
  113  24:04  Missile Turret  
  113  24:16  Refinery  
  113  24:24  Missile Turret  
  95  24:45  Missile Turret  
  95  25:07  Missile Turret  
  95  25:18  Marine x2  
  95  25:19  Marine x4  
  95  25:20  Marine  
  81  25:41  Liberator x2  
  79  25:51  Siege Tank x3  
  54  26:21  Marine  
  54  26:22  Marine x5  
  48  26:33  Marine x2  
  50  26:53  Marine x3  
  46  27:42  Siege Tank  
  46  27:43  Siege Tank  
  52  28:00  Orbital Command  
  52  28:03  SCV  
  52  28:04  SCV x3  
  56  28:15  SCV  
  56  28:18  Marine x3  
  56  28:19  Marine x6  
  65  28:21  Marine  
  67  28:28  Starport  
  67  28:36  Viking  
  67  28:37  Viking  
  65  29:20  Marine x3  
  65  29:21  Marine x7  
  65  29:22  Marine x2  
  77  29:25  Siege Tank x3  
  86  29:38  Marine x4  
  86  29:39  Marine x5  
  71  30:16  Marine x2  
  71  30:17  Marine x5  
  71  30:18  Marine x3  
  71  30:19  Siege Tank  
  79  30:55  Marine  
  79  30:56  Marine x3  
  79  30:57  Marine  
  48  31:45  Marine x2  
  48  31:46  Marine x3  
  48  31:47  Marine  
  53  31:48  Siege Tank  
  57  32:03  Marine x3  
  49  32:35  Marine x5  
  49  32:36  Marine  
  55  32:52  Marine  
  55  32:58  Marine x4  
  56  32:59  Marine  
  61  33:10  Marine  
  62  33:13  Factory Tech Lab  
  62  33:16  Marine x4  
  66  33:20  Barracks Reactor  
  66  33:23  Starport Tech Lab  
  66  33:28  Marine  
  66  33:29  Marine  
  66  33:34  Marine  
  69  33:53  Marine x4  
  73  34:12  Ghost Academy  
  41  34:34  Marine x3  
  41  34:35  Marine x4  
  48  34:47  Barracks Reactor  
  46  35:09  Marine x6  
  46  35:10  Marine x2  
  54  35:36  Refinery  
  54  35:40  Refinery  
  54  35:45  Marine x2  
  54  35:46  Marine x4  
  54  35:47  Marine  
  54  35:48  Marine x2  
  54  35:49  Marine  
  64  35:50  Thor  
  64  35:51  Thor  
  66  36:06  Factory  
  66  36:08  Factory  
  66  36:10  Factory x2  
  66  36:33  Thor  
  72  37:04  Marine x5  
  72  37:05  Marine  
  78  37:10  Viking  
  78  37:11  Viking  
  78  37:14  Thor  
  88  37:16  Thor  
  88  37:20  Ghost  
  96  37:28  Nuke  
  96  37:47  Orbital Command  
  96  37:50  Factory Tech Lab x3  
  96  37:51  Factory Tech Lab  
  96  38:10  Personal Cloaking  
  96  39:25  Thor  
  96  39:26  Thor  
  88  39:56  Ghost  
  88  39:57  Marine x2  
  88  39:58  Marine x4  
  88  39:59  Marine  
  80  41:02  Ghost  
  80  41:03  Marine x3  
  83  41:04  Thor  
  54  41:40  Marine  
  54  41:41  Marine x4  
  53  42:00  Thor  
  56  42:45  Nuke  
  56  43:09  Ghost Academy  
  56  43:17  Ghost Academy  
  56  43:19  Ghost Academy x2  
  56  43:21  Thor  
  62  43:53  Marine x3  
  62  43:54  Marine x2  
  67  44:07  Medivac x2  
  55  45:28  Marine x3  
  55  45:29  Marine x2  
  55  45:31  Marine  
  55  45:32  Thor x4  
  76  46:01  Nuke x4  
  74  46:32  SCV x2  
  76  46:34  SCV  
  77  46:44  SCV x2  
  77  47:30  Marine x2  
  77  47:32  Marine  
  77  47:33  Marine x3  
  83  47:37  Marine  
  83  47:38  Marine  
  83  47:39  Marine  
  86  47:47  Marine  
  87  47:52  Marine  
  87  47:53  Marine x3  
  87  47:58  Thor  
  91  48:00  Supply Depot x2  
  91  48:02  Supply Depot  
  59  49:04  Thor  
  64  50:15  Starport Tech Lab  
  64  50:30  Orbital Command  
  64  50:35  Fusion Core  
  14  52:19  Marine  
  14  52:20  Marine x3  
  14  52:21  Marine  
  14  52:22  Marine  
  20  52:23  Marine x2  
Show
View Real Time Build Order
Export as new Build Order

Machiavelli Terran - Winner!

Build Orders:  

Get SALT Encoding   

  12  0:02  SCV  
  13  0:15  Supply Depot  
  13  0:20  SCV  
  14  0:32  SCV  
  15  0:38  Supply Depot  
  15  0:44  SCV  
  15  0:47  Supply Depot  
  16  0:56  SCV  
  17  1:08  Barracks, SCV  
  18  1:14  Refinery  
  18  1:21  SCV  
  19  1:33  SCV  
  20  1:45  SCV  
  21  1:56  Command Center  
  22  2:02  Marine  
  22  2:06  Orbital Command  
  22  2:20  Marine  
  23  2:23  Barracks  
  23  2:30  Refinery  
  23  2:33  SCV  
  24  2:38  Marine  
  25  2:50  SCV  
  26  2:57  Factory  
  26  3:02  SCV  
  27  3:27  Engineering Bay  
  27  3:29  Marine x2  
  27  3:33  SCV  
  30  3:46  Marine  
  30  3:47  Marine  
  32  3:52  Factory Tech Lab  
  32  3:59  SCV  
  33  4:04  Marine x2  
  35  4:10  Barracks  
  35  4:11  SCV  
  35  4:15  Refinery  
  36  4:18  Refinery  
  36  4:22  Marine x2  
  36  4:23  Planetary Fortress  
  38  4:28  Missile Turret  
  38  4:33  Siege Tank  
  41  4:40  Marine x2  
  43  4:48  Missile Turret  
  43  4:51  Missile Turret  
  43  4:58  Marine x2  
  43  4:59  Starport  
  45  5:03  Barracks Reactor  
  45  5:05  Siege Tank  
  48  5:14  Missile Turret  
  48  5:23  Barracks Tech Lab  
  48  5:24  Marine  
  49  5:31  SCV  
  50  5:42  Marine, Siege Tank  
  54  6:01  Supply Depot  
  54  6:02  Supply Depot  
  54  6:05  Supply Depot  
  54  6:12  Combat Shields  
  54  6:23  Marauder, SCV, Marine, Siege Tank  
  61  6:30  Supply Depot  
  61  6:34  Supply Depot  
  61  6:35  SCV  
  62  6:41  Marine, Barracks Reactor  
  62  6:45  Marauder  
  65  6:47  SCV  
  65  6:50  Command Center  
  66  6:58  Marine  
  66  6:59  SCV  
  68  7:03  SCV  
  69  7:11  SCV  
  69  7:13  Viking  
  69  7:15  SCV  
  73  7:16  Viking  
  75  7:24  SCV  
  75  7:27  SCV  
  75  7:28  Siege Tank  
  80  7:35  Armory  
  80  7:36  SCV  
  81  7:43  Medivac  
  83  7:50  Sensor Tower  
  83  8:03  Terran Infantry Weapons Level 1  
  83  8:06  Barracks Reactor  
  83  8:09  Marauder  
  83  8:11  Stimpack  
  85  8:16  Sensor Tower  
  85  8:30  Marauder  
  87  8:35  Terran Vehicle Weapons Level 1  
  87  8:39  Marine x2  
  89  8:42  Widow Mine  
  91  8:51  Marine  
  91  8:55  Factory  
  92  8:57  Marine x2  
  94  9:09  Marine  
  90  9:11  Widow Mine  
  90  9:14  Marine  
  90  9:15  Marine  
  91  9:23  Marine  
  91  9:24  Marine  
  93  9:26  Marine  
  94  9:32  Marine  
  94  9:33  Marine  
  96  9:39  Widow Mine  
  96  9:41  Bunker, Marine x2  
  96  9:42  Bunker  
  96  9:44  Marine  
  101  9:50  Marine  
  101  9:51  Marine  
  101  9:52  Missile Turret  
  103  9:54  Missile Turret  
  103  9:57  Missile Turret  
  103  9:59  Missile Turret  
  102  10:12  Concussive Shells  
  102  10:37  Drilling Claws  
  102  10:54  Factory Tech Lab  
  102  11:07  Marine x3  
  102  11:08  Viking, Siege Tank  
  100  11:25  Marine x3  
  80  11:40  Siege Tank  
  80  11:44  Viking x2  
  87  12:07  Marine x3  
  90  12:10  Barracks Reactor  
  90  12:12  Siege Tank  
  90  12:14  Viking, Siege Tank  
  94  12:18  SCV  
  95  12:25  Marine x3  
  98  12:30  SCV  
  99  12:41  Starport  
  99  12:42  Marine  
  99  12:43  Marine x2  
  102  13:00  Marine  
  102  13:01  Marine x2  
  105  13:11  Terran Vehicle Weapons Level 2  
  105  13:19  Marine  
  103  13:30  Starport Tech Lab  
  103  13:36  Missile Turret  
  103  13:43  Missile Turret  
  103  13:44  Missile Turret  
  103  13:45  SCV  
  104  13:58  SCV  
  105  14:04  Refinery x2  
  105  14:10  SCV  
  105  14:16  Widow Mine x2  
  110  14:25  Orbital Command  
  110  14:31  Supply Depot  
  110  14:37  Cloaking Field  
  110  14:52  Widow Mine x2  
  116  15:02  Banshee  
  117  15:07  Supply Depot  
  117  15:29  Medivac x2  
  117  15:31  Supply Depot  
  111  15:44  Banshee  
  114  16:09  Marauder, Marine x4  
  120  16:27  Marine x3, Banshee  
  120  16:30  Marauder  
  128  16:48  Missile Turret  
  128  16:50  Missile Turret  
  128  16:51  Marauder  
  130  17:10  Banshee  
  133  17:53  Marauder  
  133  17:54  Banshee  
  133  17:59  Command Center  
  112  18:52  Marine x4  
  111  19:10  Marine  
  101  19:47  Banshee  
  104  19:55  Missile Turret x3  
  104  19:56  Planetary Fortress  
  92  20:26  Siege Tank x2  
  98  20:30  Banshee  
  98  20:34  Refinery  
  101  20:36  Refinery  
  101  20:57  Marine  
  101  20:58  Marine x3, Siege Tank x2  
  102  21:13  Banshee  
  102  21:15  Marine x2  
  101  21:30  Siege Tank  
  102  21:33  Marine x2  
  101  21:51  Marine x2  
  93  22:09  Marine x2  
  95  22:17  Factory Tech Lab  
  95  22:18  Barracks, Engineering Bay  
  95  22:19  Barracks  
  95  22:27  Marine x2  
  97  22:44  Marine x2  
  99  23:02  Marine x2  
  99  23:03  Missile Turret x3  
  99  23:04  Barracks  
  99  23:05  Missile Turret  
  101  23:08  Barracks  
  101  23:16  Missile Turret x2  
  101  23:17  Missile Turret x2  
  101  23:18  Missile Turret  
  101  23:20  Marine x2, Raven  
  101  23:22  Missile Turret, Corvid Reactor  
  101  23:24  Starport  
  101  23:25  Starport  
  105  23:50  Siege Tank x2  
  111  23:57  SCV  
  112  24:03  Raven  
  112  24:09  SCV  
  115  24:21  SCV  
  115  24:22  Siege Tank  
  115  24:23  Siege Tank  
  122  24:34  SCV  
  123  24:41  Explosive Shrapnel Shells  
  123  24:45  Raven  
  123  24:46  SCV  
  123  24:47  Marine x4  
  130  24:55  Siege Tank x2  
  136  25:01  SCV  
  136  25:05  Marine x3  
  140  25:14  SCV  
  141  25:27  Marine  
  141  25:28  Marine x3, Raven  
  145  25:30  Starport Reactor  
  145  25:31  Starport Reactor  
  147  25:45  Marine  
  147  25:46  Marine  
  149  26:06  Marine  
  149  26:07  Marine  
  149  26:08  Marine x2  
  143  26:11  Raven  
  132  26:24  Marine  
  132  26:25  Marine  
  133  26:26  Marine x2  
  131  26:42  Marine  
  131  26:43  Marine  
  133  27:20  Barracks Reactor x3  
  133  27:21  Barracks Reactor  
  133  27:24  Viking  
  133  27:25  Viking x3  
  141  27:39  Missile Turret x2  
  131  27:54  Viking x2  
  131  27:55  Viking x2  
  138  28:15  Marine  
  138  28:16  Marine x3  
  142  28:24  Viking x2  
  136  29:24  SCV  
  137  29:36  SCV  
  138  29:48  SCV  
  139  30:00  SCV  
  140  30:28  Marine x4  
  141  30:29  Marine x4  
  145  30:46  Marine x4  
  134  32:18  Marine  
  134  32:19  Marine  
  134  32:20  Marine  
  134  32:21  Marine  
  134  32:29  Orbital Command  
  134  33:29  Refinery  
  134  33:30  Refinery  
  134  33:40  Missile Turret  
  134  33:45  Marine  
  134  33:47  Missile Turret  
  134  33:56  Marine  
  134  33:57  Marine  
  134  34:23  Marine x4  
  134  34:25  Marine x2  
  134  34:28  Marine  
  134  34:29  Marine  
  133  34:41  Marine  
  134  34:56  Supply Depot  
  134  34:57  Supply Depot  
  134  35:12  Marine  
  134  35:17  Marine x3  
  134  35:18  Marine x2, SCV  
  134  35:19  Marine x2  
  141  35:25  Medivac  
  143  35:30  Marine, SCV  
  143  35:35  Marine x3  
  146  35:36  Marine x2  
  146  35:42  Marine x2, SCV  
  153  35:48  Marine  
  154  35:52  Widow Mine x2, Marine  
  154  35:53  Marine x2  
  154  35:54  Marine x2  
  154  35:55  Medivac, SCV  
  166  36:23  Supply Depot  
  166  36:26  Supply Depot  
  166  36:31  Supply Depot  
  166  36:44  Widow Mine x2, Marine x4  
  174  36:47  Marine x4, SCV  
  179  37:02  Marine x4  
  179  37:05  Marine x4  
  187  37:13  Terran Infantry Armor Level 1, Widow Mine  
  189  37:20  Marine  
  190  37:28  Engineering Bay  
  190  37:34  Armory  
  190  37:56  Command Center  
  190  38:11  Viking x3, Marine  
  197  38:26  Terran Infantry Weapons Level 2  
  197  38:29  Terran Vehicle Weapons Level 3  
  197  39:08  Hellion  
  199  39:21  Terran Infantry Armor Level 2  
  199  39:31  Missile Turret  
  199  39:32  Missile Turret x2  
  199  39:33  Missile Turret x2  
  199  39:34  Missile Turret  
  199  39:49  Viking  
  199  39:54  Missile Turret  
  199  40:35  Planetary Fortress  
  199  41:06  Terran Ship Weapons Level 1  
  199  41:27  Sensor Tower  
  199  41:30  Hellion, Viking x2  
  187  42:06  Command Center  
  187  42:10  Factory  
  185  42:20  Medivac  
  187  42:43  Refinery  
  182  42:46  Refinery  
  182  42:50  Medivac  
  184  42:54  Factory  
  184  43:06  Terran Infantry Weapons Level 3  
  184  43:09  Terran Vehicle And Ship Armor Level 1  
  184  43:11  Terran Infantry Armor Level 3  
  184  43:20  Medivac  
  184  43:24  Refinery  
  186  43:35  Factory Tech Lab  
  186  43:50  Medivac  
  188  44:34  Factory Tech Lab  
  188  44:38  Missile Turret  
  188  44:50  Siege Tank  
  188  44:52  Planetary Fortress  
  191  45:02  Missile Turret  
  189  45:22  Missile Turret, Siege Tank  
  189  45:26  Marine x8  
  200  45:42  Missile Turret  
  200  45:43  Hi-Sec Auto Tracking  
  200  45:48  Building Armor  
  198  46:06  Refinery  
  195  46:22  Barracks  
  195  46:23  Barracks  
  195  46:24  Ghost Academy  
  195  46:26  Barracks  
  195  46:54  Ghost Academy  
  195  47:04  Command Center  
  195  47:14  Ghost Academy  
  195  47:15  Ghost Academy  
  195  47:28  Neosteel Frame  
  195  47:41  Personal Cloaking  
  195  47:42  Nuke x2  
  195  47:46  Nuke  
  195  47:50  Barracks Tech Lab x2  
  195  47:51  Barracks Tech Lab  
  164  49:07  Nuke  
  164  49:11  Ghost x2  
  164  49:12  Ghost  
  170  49:40  Ghost  
  170  49:41  Marauder  
  174  50:24  Marauder x3  
  180  50:32  Fusion Core  
  180  50:42  Refinery x2  
  180  50:46  Marauder x3  
  186  51:07  Marauder x2  
  190  51:11  Nuke  
  190  51:12  Nuke x2  
  177  52:45  Nuke x4  
  177  53:07  Terran Vehicle And Ship Armor Level 2  
  177  55:23  Terran Ship Weapons Level 2  
  177  55:32  Battlecruiser  
  183  56:37  Battlecruiser  
  189  57:41  Battlecruiser  
Tags
 
Composition
MMM Bio
Matchup
TvT
Race
Terran
Add a new tag
Caveats
  • Supply blocks, unpowered buildings, or Contaminate may cause inaccurate times.
  • Supply counts are checked every 10 seconds.